 Dungeon Crawl Stone Soup version 0.26.1-2-gb8aa6d0cf2 (webtiles) character file.

Game seed: 14008344957788236753

3432 Roupille the Cleaver (level 10, -9/106 HPs)
             Began as an Ogre Berserker on Feb 14, 2021.
             Was a Priest of Trog.
             Mangled by a death yak (14 damage)
             ... on level 9 of the Dungeon.
             The game lasted 00:53:09 (15603 turns).

Roupille the Cleaver (Ogre Berserker)              Turns: 15603, Time: 00:53:09

Health: -9/106     AC:  6    Str: 26    XL:     10   Next: 5%
Magic:  19/19      EV:  9    Int:  8    God:    Trog [***...]
Gold:   418        SH:  8    Dex:  8    Spells: 9/9 levels left

rFire    + . .     SeeInvis .   B - +1 hand axe (freeze)
rCold    x . .     Faith    .   H - +0 kite shield
rNeg     . . .     Spirit   .   g - +2 robe {Will+}
rPois    .         Reflect  .   (helmet restricted)
rElec    .         Harm     .   D - +0 cloak
rCorr    .         Rampage  .   (gloves unavailable)
Will     ++++.                  (boots unavailable)
Stlth    ++........             (no amulet)
HPRegen  1.27/turn              s - ring of fire
MPRegen  0.16/turn              A - ring of magical power

@: about to teleport, berserk cooldown, regenerating, slowed, very slow
A: large, unfitting armour, tough skin 1
a: Renounce Religion, Berserk, Trog's Hand


You were on level 9 of the Dungeon.
You worshipped Trog.
Trog was most pleased with you.
You visited 2 branches of the dungeon, and saw 10 of its levels.

You collected 418 gold pieces.

Inventory:

Hand Weapons
 B - a +1 hand axe of freezing (weapon)
Missiles
 e - 334 stones
 h - 6 boomerangs (quivered)
Armour
 b - a +1 animal skin
 g - a +2 robe of willpower (worn)
 D - a +0 cloak (worn)
 H - a +0 kite shield (worn)
Jewellery
 k - a cursed -4 ring of protection {unknown}
 s - a ring of fire (left hand)
 A - a ring of magical power (right hand)
Wands
 r - a wand of digging (6)
 E - a wand of paralysis (8)
 F - a wand of polymorph (9)
Scrolls
 d - 4 scrolls of teleportation
 f - 8 scrolls of remove curse
 i - 4 scrolls of fog
 n - 2 scrolls of immolation
 t - 4 scrolls of fear {unknown}
 v - a scroll of enchant armour
 x - 2 scrolls of random uselessness {unknown}
 C - 2 scrolls of identify
Potions
 a - a potion of might {unknown}
 c - 3 potions of haste {unknown}
 j - a potion of magic {unknown}
 l - a potion of lignification {unknown}
 m - 2 potions of brilliance {unknown}
 o - a potion of flight
 p - a potion of heal wounds
 q - a potion of attraction {unknown}
 u - a potion of mutation {unknown}
 w - a potion of degeneration
 z - a potion of invisibility {unknown}
 G - a potion of curing {unknown}


   Skills:
 + Level 8.9 Fighting
 + Level 9.6 Axes
 + Level 6.3 Dodging
 + Level 3.9 Stealth
 + Level 2.4 Shields
 + Level 0.8 Unarmed Combat
 + Level 0.1 Evocations


You had 9 spell levels left.
You didn't know any spells.
Your spell library was empty.

Dungeon Overview and Level Annotations

Branches:
Dungeon (9/15)             Temple (1/1) D:7            Lair (0/6) D:9
    Orc: D:9-12

Altars:
Ashenzari
Cheibriados
Dithmenos
Elyvilon
Fedhas
Gozag
Hepliaklqana
Kikubaaqudgha
Makhleb
Nemelex Xobeh
Okawaru
Qazlal
Ru
Sif Muna
Trog
Uskayaw
Vehumet
Wu Jian
Xom
Yredelemnul
Zin
The Shining One

Shops:
D:5 (   D:6 }   D:8 *


Innate Abilities, Weirdness & Mutations

You are too large for most types of armour.
You have tough skin. (AC +1)


Message History

The bullfrog is no longer moving slowly.
The bullfrog hits you. The death yak gores you.
You hit the death yak but do no damage. You hit the death yak.
You freeze the death yak. You block the death yak's attack.
The death yak gores you!
Your skin crawls.
You feel strong-willed. You block the bullfrog's attack.
The death yak gores you! The death yak barely misses you.
The death yak completely misses you.
You hit the death yak but do no damage. You slash the death yak!
You freeze the death yak.
Your shield prevents you from hitting the death yak.
The death yak gores you!!
* * * LOW HITPOINT WARNING * * *
You block the death yak's attack. x2
As you read the scroll of teleportation, it crumbles to dust.
You feel strangely unstable. The death yak gores you!
* * * LOW HITPOINT WARNING * * *
You block the death yak's attack. The death yak gores you!
You die...

#. ..# #.. ...+
#.. ...#
#..#####.!.#
#..........#
#..........+.
###...........#
#.?..YF<.......
#....@YY.#.....
#....Y##r......
#..?..+ ....#..
#.....# .......
#.....# .......
#....?# ....>..
#...... .......
#...... ..Y.##.


You could see 4 death yaks, a bullfrog and a quokka.

Vanquished Creatures
  2 death yaks (D:9)
  2 orc warriors
  A black bear (D:7)
  A necrophage (D:6)
  2 ogres
  3 centaurs
  2 bullfrogs
  2 water moccasin skeletons (D:4)
  3 scorpions
  3 wights (D:8)
  3 hounds
  2 jellies
  2 orc priests (D:7)
  3 orc wizards
  2 bullfrog skeletons
  A gnoll shaman (D:5)
  An iguana (D:8)
  A hell rat (D:8)
  7 worker ants
  2 hound skeletons
  3 gnolls (D:5)
  6 river rats (D:8)
  11 adders
  A shadow imp (D:6)
  2 white imps
  An ufetubus (D:8)
  2 oozes (D:3)
  An adder skeleton (D:2)
  2 worms
  A dart slug (D:1)
  5 leopard geckos
  8 orcs
  7 giant cockroaches
  6 goblins
  8 hobgoblins
  7 jackals
  A quokka (D:6)
  3 ball pythons
  7 bats
  3 frilled lizards
  A jackal skeleton (D:7)
  A jackal zombie (D:5)
  8 kobolds
  A leopard gecko skeleton (D:4)
  A quokka zombie (D:8)
  19 rats
161 creatures vanquished.

Vanquished Creatures (others)
  A fungus (D:6)
  7 plants
8 creatures vanquished.

Grand Total: 169 creatures vanquished

Notes
Turn   | Place    | Note
-------+----------+-------------------------------------------
     0 | D:1      | Roupille the Ogre Berserker began the quest for the Orb.
     0 | D:1      | Reached XP level 1. HP: 24/24 MP: 1/1
   360 | D:1      | Reached XP level 2. HP: 32/32 MP: 2/2
  1172 | D:1      | Reached XP level 3. HP: 34/40 MP: 3/3
  1825 | D:2      | Reached ** piety under Trog
  3107 | D:2      | Found a faded altar of an unknown god.
  3507 | D:3      | Reached XP level 4. HP: 47/49 MP: 4/4
  3545 | D:3      | Reached skill level 4 in Axes
  3603 | D:3      | Found an ancient bone altar of Kikubaaqudgha.
  3638 | D:3      | You fall into a shaft and drop 1 floor!
  3815 | D:4      | Found a snail-covered altar of Cheibriados.
  4447 | D:3      | Reached skill level 5 in Fighting
  4447 | D:3      | Reached XP level 5. HP: 57/57 MP: 5/5
  4906 | D:4      | Reached skill level 5 in Axes
  5094 | D:4      | Reached XP level 6. HP: 48/66 MP: 6/6
  5328 | D:4      | Found a broken altar of Ashenzari.
  6159 | D:5      | Entered Level 5 of the Dungeon
  6392 | D:5      | Reached skill level 6 in Axes
  6392 | D:5      | Reached XP level 7. HP: 28/72 MP: 7/7
  6522 | D:5      | Reached skill level 1 in Stealth
  8077 | D:5      | Found a stormy altar of Qazlal.
  8134 | D:5      | Found a sparkling altar of Nemelex Xobeh.
  8169 | D:5      | Found Baurgh's Antique Weapon Shop.
  8313 | D:5      | Found a sacrificial altar of Ru.
  8392 | D:6      | Found Ankeug's Gadget Emporium.
  8701 | D:6      | Reached skill level 7 in Axes
  8720 | D:6      | Reached XP level 8. HP: 41/83 MP: 8/8
  9191 | D:6      | Found a basalt altar of Yredelemnul.
  9195 | D:6      | Noticed a profane servitor
  9213 | D:6      | Found a glowing golden altar of the Shining One.
  9215 | D:6      | Noticed an angel
  9780 | D:6      | Found a hazy altar of Hepliaklqana.
  9780 | D:6      | Found an ornate altar of the Wu Jian Council.
 10131 | D:6      | Found a broken altar of Ashenzari.
 10136 | D:6      | Saw a vision of the Swamp and the Snake Pit.
 10136 | D:6      | Noticed a naga mage
 10136 | D:6      | Noticed a shock serpent
 10136 | D:6      | Noticed an anaconda
 10136 | D:6      | Noticed a will-o-the-wisp
 10136 | D:6      | Noticed an alligator
 10137 | D:6      | Noticed a will-o-the-wisp
 10137 | D:6      | Noticed a naga mage
 10139 | D:6      | Noticed a naga mage
 10141 | D:6      | Noticed a black mamba
 10146 | D:6      | Noticed an alligator
 11187 | D:7      | Found a staircase to the Ecumenical Temple.
 11203 | Temple   | Entered the Ecumenical Temple
 12217 | D:7      | Reached skill level 8 in Axes
 12217 | D:7      | Reached skill level 5 in Dodging
 13255 | D:8      | Found Xeefepp's Assorted Antiques.
 13374 | D:8      | Found a basalt altar of Yredelemnul.
 13626 | D:8      | Reached XP level 9. HP: 86/93 MP: 9/9
 13935 | D:8      | Reached *** piety under Trog
 14405 | D:8      | Found the +2 ratskin cloak {*Rats rPois rN+ Str-1 Int-1
                  | Dex+1}
 15575 | D:9      | Found a staircase to the Lair.
 15575 | D:9      | Noticed a death yak
 15575 | D:9      | Noticed a death yak
 15576 | D:9      | Noticed a death yak
 15587 | D:9      | Noticed a death yak
 15588 | D:9      | Noticed a death yak
 15592 | D:9      | Noticed a death yak
 15593 | D:9      | Killed a death yak
 15594 | D:9      | Reached skill level 9 in Axes
 15594 | D:9      | Reached skill level 1 in Shields
 15596 | D:9      | Killed a death yak
 15597 | D:9      | Reached XP level 10. HP: 78/106 MP: 10/10
 15603 | D:9      | HP: 5/106 [death yak (16)]
 15603 | D:9      | Mangled by a death yak

Illustrated notes

Levels and vault maps discovered:
D:1:      amcnicky_arrival_single_pillar, layout_loops_ring
D:2:      layout_basic, chequers_ecumenical_altar_island
D:3:      layout_loops_cross, kiku_gazebo_pond_becter
D:4:      layout_basic, lemuel_doored_altar, lemuel_round_altar,
          dk_noncrumbling_2
D:5:      layout_rooms, lemuel_round_altar, nemelex_xobeh_ov_fountains_minmay,
          serial_shops, shop_statue, nicolae_qazlal_general_emergency
D:6:      layout_rooms, grunt_temple_overflow_holy_war,
          gammafunk_temple_overflow_elements, serial_shops,
          nicolae_shop_statue_plus, grunt_ashenzari_visionary
          [grunt_ashenzari_visionary_swamp, grunt_ashenzari_visionary_snake]
D:7:      layout_basic, minmay_temple_entry_proselytizer
D:8:      wander_guarded_unrand_ratskin, layout_loops_ring, serial_shops,
          nicolae_shop_overgrown_old_shop, basic_altar, kennysheep_cross_room
D:9:      minmay_the_grid_four_pointed_star_mashed
          [minmay_the_grid_triangle_9x9_skeleton,
          minmay_the_grid_triangle_9x9_intruding_spiral,
          minmay_the_grid_triangle_9x9_tough_junction,
          minmay_the_grid_triangle_9x9_longest,
          minmay_the_grid_prize_inner_circle], layout_irregular_city,
          dpeg_lair_monsters, hiddenorc2_lemuel, serial_shops,
          kennysheep_little_box
Temple:   nicolae_temple_figure_eight

Skill      XL: |  1  2  3  4  5  6  7  8  9 |
---------------+----------------------------+-----
Dodging        | 3 4 5 6 |  6.3
Axes           | 4 5 6 7 8 9 |  9.6
Fighting       | 5 6 7 8 |  8.9
Stealth        | 1 2 3 |  3.9
Shields        | 2 |  2.4
Unarmed Combat | |  0.8
Evocations     | |  0.1

Action                   |  1- 3 |  4- 6 |  7- 9 | 10-12 || total
-------------------------+-------+-------+-------+-------++-------
Melee: Hand axe          |   139 |   153 |   344 |     4 ||   640
       Unarmed           |       |       |     1 |       ||     1
Invok: Berserk           |     9 |    10 |    24 |       ||    43
       Trog's Hand       |       |     1 |     2 |     1 ||     4
Evoke: Wand              |       |       |     1 |       ||     1
  Use: Scroll            |     1 |     7 |     1 |     1 ||    10
       Potion            |       |       |     3 |       ||     3
 Stab: Sleeping          |       |       |     1 |       ||     1
Armor: Animal skin       |    28 |       |       |       ||    28
       Robe              |    29 |    36 |    72 |       ||   137
Dodge: Dodged            |   108 |    85 |   145 |     2 ||   340
Block: Kite shield       |       |       |    34 |     5 ||    39
